 Dungeon Crawl Stone Soup version 0.24-a0-613-g1ff6aac338 (webtiles) character file.

Game seed: 5830529239565874280, levelgen mode: deterministic

557 Gynju the Insei (level 7, -1/46 HPs)
             Began as an Octopode Transmuter on Sept 12, 2019.
             Slain by a centaur (2 damage)
             ... on level 6 of the Dungeon.
             The game lasted 00:06:42 (5669 turns).

Gynju the Insei (Octopode Transmuter)               Turns: 5669, Time: 00:06:42

Health: -1/46      AC:  1    Str: 10    XL:     7   Next: 30%
Magic:  12/12      EV: 15    Int: 17    God:
Gold:   311        SH:  0    Dex: 17    Spells: 5/13 levels left

rFire    . . .     SeeInvis .     - Unarmed
rCold    . . .     Gourm    .   (no shield)
rNeg     . . .     Faith    .   (helmet restricted)
rPois    .         Spirit   .   (no amulet)
rElec    .         Reflect  .   m - +5 ring of dexterity
rCorr    .         Harm     .   i - ring of protection from magic
MR       +....                  (no ring)
Stlth    +++.......             (no ring)
HPRegen  0.15/turn              (no ring)
MPRegen  0.13/turn              (no ring)
                                (no ring)
                                (no ring)

@: appendage, very slightly contaminated
A: almost no armour, stealthy swim, amphibious, 8 rings, constrict 8, tentacle
spike 3, camouflage 1, gelatinous body 1
a: End Transformation


You were on level 6 of the Dungeon.
You were hungry.
One of your tentacles had a temporary spike.
You visited 1 branch of the dungeon, and saw 6 of its levels.

You collected 311 gold pieces.

Inventory:

Missiles
 a - 52 arrows
Jewellery
 i - a ring of protection from magic (right tentacle)
 m - a +5 ring of dexterity (left tentacle)
Wands
 d - a wand of random effects (8)
 p - a wand of paralysis (8)
Scrolls
 b - a scroll of enchant weapon
 f - 2 scrolls of enchant armour {unknown}
 g - 5 scrolls of identify {@r1}
 h - 3 scrolls of fog
 j - 3 scrolls of amnesia {unknown}
 k - a scroll of remove curse {@r2}
 q - a scroll of magic mapping {unknown}
 r - 4 scrolls of teleportation {unknown}
Potions
 e - 2 potions of heal wounds {unknown}
 l - a potion of mutation
 n - 4 potions of curing {unknown}
 o - 2 potions of flight {unknown}
Comestibles
 c - 9 rations


   Skills:
 - Level 3.2 Fighting
 - Level 3.8 Dodging
 - Level 1.8 Stealth
 - Level 4.3 Unarmed Combat
 + Level 3.6 Spellcasting
 + Level 3.8 Transmutations


You had 5 spell levels left.
You knew the following spells:

 Your Spells              Type           Power        Failure   Level  Hunger
a - Beastly Appendage     Tmut           ###...       3%          1    None
b - Spider Form           Tmut/Pois      #.........   22%         3    ###....
c - Ice Form              Ice/Tmut       #.......     58%         4    ####...

Your spell library contained the following spells:

 Spells                   Type           Power        Failure   Level  Hunger
 Sticks to Snakes         Tmut           ###.....     5%          2    ##.....
 Blade Hands              Tmut           ###.......   67%         5    ######.


Dungeon Overview and Level Annotations

Branches:
Dungeon (6/15)
 Temple: D:4-7

Altars:
Ashenzari
Cheibriados
Dithmenos
Fedhas
Gozag
Sif Muna
Uskayaw
The Shining One

Shops:
D:4 !*(

Annotations:
D:2 exclusion: oklob plant
D:6 exclusion: orc wizard


Innate Abilities, Weirdness & Mutations

You cannot wear most types of armour.
You are very stealthy in the water. (Stealth+)
You are amphibious.
You can wear up to eight rings at the same time.
You can use your tentacles to constrict eight enemies at once.
Your skin changes colour to match your surroundings (Stealth+).
Your rubbery body absorbs attacks. (AC +1, EV +1)
One of your tentacles bears a large vicious spike.


Message History

The centaur is heavily wounded.
The centaur hits you.
* * * LOW HITPOINT WARNING * * *
You tentacle-slap the centaur.
The centaur is severely wounded.
The centaur hits you!
* * * LOW HITPOINT WARNING * * *
The centaur misses you.
You tentacle-slap the centaur but do no damage.
You pierce the centaur.
The centaur is almost dead.
The centaur closely misses you.
You tentacle-slap the centaur but do no damage.
The centaur is almost dead.
The centaur hits you.
* * * LOW HITPOINT WARNING * * *
You tentacle-slap the centaur but do no damage.
The centaur is almost dead.
The centaur closely misses you. The centaur hits you.
You die...

#.#.....###### ####.#
#.#.#.#.#....# #....#
#o#.##..#.##.###.####
#o#.......##.....#
###)..##########
#.........#
######..######.#
.#.#....(..######.#
........c@>.......#
.#.#.##.##.####.#.# #
#.##.# #.#.# #.##.#
#.#.# #.##.####.#.#
#.##.......<#
#c#######.#.# ...
#.#.# ####.#.#


You could see a centaur.

Vanquished Creatures
  Menkaure (D:5)
  A water moccasin (D:4)
  An ogre (D:5)
  A scorpion (D:5)
  A bullfrog skeleton (D:4)
  A centaur skeleton (D:4)
  An iguana (D:4)
  A hound skeleton (D:5)
  An adder (D:3)
  An ooze (D:3)
  An adder zombie (D:5)
  3 worms
  3 dart slugs
  3 leopard geckos
  An orc (D:4)
  5 bats
  7 giant cockroaches
  6 goblins
  5 hobgoblins
  7 jackals
  2 quokkas (D:2)
  3 ball pythons
  4 frilled lizards
  A jackal skeleton (D:4)
  4 kobolds
  6 rats
71 creatures vanquished.

Notes
Turn   | Place    | Note
-------+----------+-------------------------------------------
     0 | D:1      | Gynju the Octopode Transmuter began the quest for the Orb.
     0 | D:1      | Reached XP level 1. HP: 13/13 MP: 3/3
    76 | D:1      | Reached XP level 2. HP: 11/18 MP: 3/5
  1101 | D:2      | Reached XP level 3. HP: 9/23 MP: 4/6
  1408 | D:2      | Reached skill level 1 in Stealth
  2095 | D:2      | Found a blossoming altar of Fedhas.
  2541 | D:2      | Noticed an oklob plant
  2660 | D:3      | Found an opulent altar of Gozag.
  2676 | D:3      | Reached XP level 4. HP: 22/29 MP: 7/7
  2907 | D:3      | Found a glowing golden altar of the Shining One.
  3204 | D:4      | Found Fuigedio's Weapon Boutique.
  3233 | D:4      | Found a shattered altar of Ashenzari.
  3265 | D:4      | Found Afoghe's General Store.
  3513 | D:4      | Noticed a water moccasin
  3521 | D:4      | Killed a water moccasin
  3521 | D:4      | Reached XP level 5. HP: 14/35 MP: 6/8
  3900 | D:4      | Reached skill level 4 in Unarmed Combat
  3900 | D:4      | Reached XP level 6. HP: 36/41 MP: 7/9
  3943 | D:4      | Found Istra's Distillery.
  4371 | D:4      | Found a shadowy altar of Dithmenos.
  4375 | D:4      | Found a hide-covered altar of Uskayaw.
  4406 | D:4      | Found a shimmering blue altar of Sif Muna.
  4721 | D:5      | Entered Level 5 of the Dungeon
  4905 | D:5      | Learned a level 3 spell: Spider Form
  4910 | D:5      | Learned a level 4 spell: Ice Form
  4963 | D:5      | Got a fine silver amulet
  4965 | D:5      | Identified the amulet "Kulel" {Inacc SInv} (You found it on
                  | level 5 of the Dungeon)
  5054 | D:5      | Reached XP level 7. HP: 46/46 MP: 8/11
  5140 | D:5      | Noticed Menkaure
  5149 | D:5      | Killed Menkaure
  5388 | D:5      | Found a snail-covered altar of Cheibriados.
  5423 | D:5      | Found a shadowy altar of Dithmenos.
  5668 | D:6      | HP: 1/46 [centaur (5)]
  5669 | D:6      | Slain by a centaur

Levels and vault maps discovered:
D:1:      psy_arrival_dodecagon, layout_basic
D:2:      layout_loops_ring, tgw_fedhas
D:3:      layout_basic, overflow_temple_1_default,
          nicolae_overflow_hidden_temple, first_ration
D:4:      layout_basic, kennysheep_mini, minitemple, serial_shops,
          nicolae_shop_trees, shop, shop
D:5:      layout_basic, lemuel_coloured_pillars_altar, basic_altar,
          kennysheep_another_room, minmay_checkerbox, uniq_menkaure
D:6:      layout_basic, nicolae_benzene_ring

Skill      XL: |  1  2  3  4  5  6 |
---------------+-------------------+-----
Stealth        | 1 |  1.8
Fighting       | 2 3 |  3.2
Dodging        | 3 |  3.8
Unarmed Combat | 4 |  4.3
Spellcasting   | 3 |  3.6
Transmutations | 3 |  3.8

Action                   |  1- 3 |  4- 6 |  7- 9 || total
-------------------------+-------+-------+-------++-------
Melee: Unarmed           |   100 |    91 |    20 ||   211
       Constrict         |    32 |    23 |     1 ||    56
       Kick              |    14 |     6 |     4 ||    24
       Punch             |     2 |     6 |       ||     8
       Tentacles         |    14 |    16 |     1 ||    31
 Cast: Beastly Appendage |     8 |     4 |     2 ||    14
  Use: Scroll            |       |    10 |       ||    10
 Stab: Sleeping          |    12 |     9 |       ||    21
  Eat: Chunk             |     6 |     7 |     1 ||    14
Armor: Skin              |    16 |     6 |     2 ||    24
Dodge: Dodged            |    67 |    68 |    14 ||   149

Table legend:
 A = Non-vault XP
 B = Vault XP
 C = Vault XP percentage of total XP
 D = Non-vault monster count
 E = Vault monster count
 F = Vault count percentage of total count
                 A         B        C        D         E       F
            +---------+---------+-------+---------+---------+-------
      Total |     601 |     196 |  24.6 |      67 |       4 |   5.6
            +---------+---------+-------+---------+---------+-------
        D:1 |      32 |       0 |   0.0 |      18 |       0 |   0.0
        D:2 |      42 |       0 |   0.0 |      19 |       0 |   0.0
        D:3 |      52 |       0 |   0.0 |      17 |       0 |   0.0
        D:4 |     275 |       0 |   0.0 |       8 |       0 |   0.0
        D:5 |     200 |     196 |  49.5 |       5 |       4 |  44.4
            +---------+---------+-------+---------+---------+-------
